 Dungeon Crawl Stone Soup version 0.29.1-15-g9cfb28693d (webtiles) character file.

Game seed: 2375529899264939674

41 Heoruswealwe the Magician (level 3, -1/19 HPs)
             Began as a Deep Elf Earth Elementalist on Apr 26, 2023.
             Slain by Sigmund
             ... wielding a +0 scythe
              (6 damage)
             ... on level 2 of the Dungeon.
             The game lasted 00:08:33 (771 turns).

Heoruswealwe the Magician (DEEE)                     Turns: 771, Time: 00:08:34

Health: -1/19      AC:  2    Str:  5    XL:     3   Next: 32%
Magic:  7/10       EV: 12    Int: 21    God:
Gold:   53         SH:  0    Dex: 15    Spells: 4/10 levels left

rFire   . . .      SeeInvis .   b - +1 dagger (speed)
rCold   . . .      Faith    .   (no shield)
rNeg    . . .      Spirit   .   c - +0 robe
rPois   .          Reflect  .   (no helmet)
rElec   .          Harm     .   (no cloak)
rCorr   .          Rampage  .   (no gloves)
Will    .....                   (no boots)
Stlth   ++........              (no amulet)
HPRegen 0.06/turn               (no ring)
MPRegen 0.12/turn               (no ring)

@: no status effects
A: no striking features
a: no special abilities


You were on level 2 of the Dungeon.
You visited 1 branch of the dungeon, and saw 2 of its levels.

You collected 53 gold pieces.

Inventory:

Hand Weapons
 b - a +1 dagger of speed (weapon)
Armour
 c - a +0 robe (worn)
Magical Staves
 n - a staff of fire
 r - a staff of poison
Scrolls
 a - a scroll of poison {unknown}
 e - a scroll of enchant armour {unknown}
 f - 2 scrolls of identify {unknown}
 h - a scroll of magic mapping {unknown}
Potions
 d - a potion of resistance {unknown}
 g - 2 potions of curing {unknown}
 i - a potion of mutation {unknown}
 j - a potion of magic
 k - 3 potions of heal wounds {unknown}


   Skills:
 - Level 2.4 Dodging
 - Level 2.4 Stealth
 + Level 4.2 Spellcasting
 - Level 1.1 Transmutations
 + Level 4.1 Earth Magic


You had 4 spell levels left.
You knew the following spells:

 Your Spells              Type           Power      Damage    Failure   Level
a - Sandblast             Erth           44%        2d11      1%          1
b - Stone Arrow           Conj/Erth      26%        3d8       16%         3
z - Passwall              Tmut/Erth      12%        N/A       6%          2

Your spell library contained the following spells:

 Spells                   Type           Power      Damage    Failure   Level
 Petrify                  Tmut/Erth      15%        N/A       36%         4


Dungeon Overview and Level Annotations

Branches:
Dungeon (2/15)

Altars:

Annotations:
D:2 Sigmund


Message History

There is an open door here.
You can't see any susceptible monsters within range! (Use Z to cast anyway.)
The blast of sand hits the worm!
The worm is moderately wounded.
The blast of sand hits the worm!
You kill the worm!
A bat comes into view.
You can't see any susceptible monsters within range! (Use Z to cast anyway.)
The blast of sand hits the bat!
You kill the bat!
A frilled lizard comes into view.
Found a dented cameo amulet.
You can't see any susceptible monsters within range! (Use Z to cast anyway.)
The blast of sand hits the frilled lizard!
You kill the frilled lizard!
l - an amulet of guardian spirit You drop an amulet of guardian spirit.
Found an escape hatch in the floor.
Sigmund the Dreaded comes into view.
He is wielding a +0 scythe.
Sigmund shouts!
You see here a frilled lizard corpse.
Sigmund casts a spell at you. The magic dart hits you.
The blast of sand hits Sigmund but does no damage.
Sigmund gestures wildly while chanting.
Sigmund flickers and vanishes!
Deactivating autopickup; reactivate with Ctrl-A.
Something hits you.
Casting: Sandblast (safe; 1% risk of failure)
Confirm with . or Enter, or press ? or * to list all spells.
Aiming: Sandblast (safe; 1% risk of failure)
Press: ? - help, Shift-Dir - straight line The blast of sand hits something!
Something hits you.
* * * LOW HITPOINT WARNING * * *
Casting: Sandblast (safe; 1% risk of failure)
Confirm with . or Enter, or press ? or * to list all spells.
Aiming: Sandblast (safe; 1% risk of failure)
Press: ? - help, Shift-Dir - straight line The blast of sand hits something.
Something hits you.
You die...

#.......#
#.......#
########.....###
#............#
#..".........#
#............#
########.....#
####†....#
#.{.@....#
#........#
#.......##
#...>..##
........#
.##.....## #
#######


There were no monsters in sight!

Vanquished Creatures
  A worm (D:2)
  A dart slug (D:1)
  4 ball pythons
  3 endoplasms (D:1)
  5 goblins (D:1)
  2 hobgoblins (D:1)
  5 bats
  A frilled lizard (D:2)
  6 kobolds
  7 rats (D:1)
35 creatures vanquished.

Notes
Turn   | Place    | Note
-------+----------+-------------------------------------------
     0 | D:1      | Heoruswealwe the Deep Elf Earth Elementalist began the
                  | quest for the Orb.
     0 | D:1      | Reached XP level 1. HP: 10/10 MP: 6/6
   104 | D:1      | Reached XP level 2. HP: 15/15 MP: 2/8
   107 | D:1      | Learned a level 2 spell: Passwall
   471 | D:1      | Reached XP level 3. HP: 19/19 MP: 8/10
   475 | D:1      | Learned a level 3 spell: Stone Arrow
   767 | D:2      | Noticed Sigmund
   771 | D:2      | Slain by Sigmund

Illustrated notes

Levels and vault maps discovered:
D:1:      minmay_arrival_loop, layout_loops_cross
D:2:      layout_basic, serial_corexii_hall, chequers_hall_statues_y,
          chequers_hall_statues_y, corexii_hall_statues_i,
          chequers_hall_statues_y, hellmonk_ecumenical_altar_leap_of_faith,
          uniq_sigmund

Skill      XL: |  1  2 |
---------------+-------+-----
Spellcasting   | 4 |  4.2
Earth Magic    | 4 |  4.1
Dodging        | |  2.4
Stealth        | |  2.4
Transmutations | |  1.1

Action                   || total
-------------------------++-------
 Cast: Sandblast         ||    44
       Passwall          ||     2
Armor: Robe              ||     3
Dodge: Dodged            ||     6
